AoeStats
← 2722027078

Arena

507760447Analyzed
3v3 RM · 12d ago on Sep 19, 2026· 64m 12s· 6 players
Game mode
Random Map
Map size
Normal (6 player)
Population
200
Speed
Normal
Resources
Standard
Victory
Conquest
Starting age
Dark Age
Ending age
Imperial Age
RankedLock teamsTeams togetherTeam positionsShared explorationLock speedFull tech treeHidden civsTurbo modeCheats
Victory
Defeat
🇹🇼 Poles · Taiwan
1141
+12
🇹🇼 Burgundians · Taiwan
1091
+14
🇹🇼 Wei · Taiwan
1084
+14
🇫🇷 Hindustanis · France
1114
-16
🇦🇷 Celts · Argentina
1068
-14
🇦🇷 Bohemians · Argentina
959
-19
Vivine61
7:29 Loom
10:16 Feudal Age
17:54 Castle Age
20:15 Scale Barding Armor
19:59 Double-Bit Axe
20:02 Horse Collar
20:56 Husbandry
22:04 Wheelbarrow
23:26 Gold Mining
25:36 Bow Saw
28:06 Heavy Plow
32:08 Imperial Age
30:21 Bloodlines
31:04 Forging
31:16 Chain Barding Armor
33:08 Iron Casting
32:26 Heavy Camel Rider
35:10 Stone Mining
35:45 Hand Cart
35:07 Imperial Camel Rider
37:37 Scale Mail Armor
38:04 Conscription
39:51 Chemistry
39:13 Ballistics
39:54 Plate Barding Armor
40:46 Grand Trunk Road
41:50 Blast Furnace
41:05 Town Watch
42:24 Two-Man Saw
42:28 Light Cavalry
42:48 Siege Elephant
44:04 Hussar
51:18 Shatagni
59:58 Caravan
Taticool
12:14 Feudal Age
15:55 Castle Age
15:01 Double-Bit Axe
15:03 Horse Collar
17:36 Bow Saw
17:50 Heavy Plow
21:27 Wagenburg Tactics
27:19 Chemistry
29:10 Wheelbarrow
28:21 Town Watch
28:25 Loom
33:01 Imperial Age
30:56 Scale Mail Armor
31:01 Squires
31:10 Pikeman
32:36 Hand Cart
32:26 Town Patrol
32:24 Arson
33:00 Forging
35:04 Conscription
34:33 Houfnice
35:25 Halberdier
36:24 Chain Mail Armor
37:02 Iron Casting
37:27 Siege Engineers
39:01 Masonry
39:30 Plate Mail Armor
38:52 Fletching
41:57 Ballistics
42:07 Architecture
41:38 Bodkin Arrow
43:12 Fortified Wall
45:02 Blast Furnace
44:03 Bracer
45:49 Elite Hussite Wagon
60:32 Murder Holes
2722027078
10:03 Feudal Age
10:40 Loom
21:28 Castle Age
19:39 Double-Bit Axe
19:50 Horse Collar
20:40 Gold Mining
20:46 Man-at-Arms
22:56 Bow Saw
22:51 Scale Mail Armor
26:11 Heavy Plow
29:05 Pikeman
30:05 Chain Mail Armor
31:26 Gold Shaft Mining
34:22 Wheelbarrow
34:05 Forging
39:52 Imperial Age
37:22 Pikeman
39:07 Hand Cart
40:59 Iron Casting
41:15 Furor Celtica
45:48 Heavy Scorpion
52:27 Plate Mail Armor
52:57 Blast Furnace
Andre114514
9:48 Feudal Age
10:13 Double-Bit Axe
10:11 Horse Collar
14:14 Wheelbarrow
17:32 Castle Age
15:33 Gold Mining
18:39 Bow Saw
18:30 Heavy Plow
18:41 Fletching
19:18 Bodkin Arrow
29:45 Stone Mining
30:22 Town Watch
35:04 Imperial Age
33:15 Hand Cart
34:11 Thumb Ring
34:08 Padded Archer Armor
36:41 Bracer
37:54 Chemistry
38:02 Leather Archer Armor
39:25 Scale Barding Armor
40:30 Ballistics
41:05 Parthian Tactics
43:10 Ring Archer Armor
43:01 Chain Barding Armor
42:52 Forging
45:23 Crop Rotation
49:12 Bloodlines
49:02 Husbandry
48:24 Light Cavalry
50:14 Masonry
49:45 Treadmill Crane
50:56 Iron Casting
51:20 Hussar
53:01 Blast Furnace
53:13 Murder Holes
61:17 Fortified Wall
u990221
9:00 Feudal Age
10:01 Double-Bit Axe
12:27 Loom
16:07 Horse Collar
21:21 Castle Age
23:54 Bow Saw
24:51 Heavy Plow
25:31 Wheelbarrow
26:33 Gold Mining
26:52 Szlachta Privileges
27:25 Hand Cart
32:22 Imperial Age
29:57 Husbandry
30:41 Bloodlines
31:19 Scale Barding Armor
31:24 Forging
32:06 Forging
32:53 Chain Barding Armor
34:12 Crop Rotation
33:35 Cavalier
34:40 Town Watch
35:32 Iron Casting
38:33 Blast Furnace
40:30 Stone Mining
46:13 Conscription
48:10 Lechitic Legacy
47:12 Light Cavalry
48:06 Winged Hussar
51:31 Town Patrol
a1952972
10:34 Feudal Age
14:47 Castle Age
12:51 Double-Bit Axe
14:33 Bow Saw
14:06 Horse Collar
19:31 Wheelbarrow
21:00 Hand Cart
22:23 Gold Mining
24:02 Loom
25:20 Gold Shaft Mining
28:37 Imperial Age
27:15 Scale Barding Armor
27:21 Forging
27:10 Cavalier
29:29 Chain Barding Armor
29:22 Husbandry
32:11 Chemistry
34:40 Bombard Tower
34:45 Ballistics
35:02 Conscription
34:47 Burgundian Vineyards
50:49 Fortified Wall
50:35 Murder Holes
50:39 Fletching
51:26 Plate Barding Armor
51:26 Iron Casting
53:21 Paladin
Connection lost

Rejoining the realm…

Still unreachable

The connection could not be restored.

Session expired

The server has moved on; the page needs a fresh start.